 Dungeon Sprint DCSS version 0.31-a0-963-ga325b2283a (webtiles) character file.

Game seed: 15107552509072946978

9930 sircluck the Brawler (level 11, -4/128 HPs)
             Began as a Troll Berserker on Oct 25, 2023.
             Was a High Priest of Trog.
             Killed from afar by a nagaraja (23 damage)
             ... with a poison arrow
             ... in the Dungeon (Sprint VII: "The Pits").
             The game lasted 00:04:46 (1687 turns).

sircluck the Brawler (Troll Berserker)              Turns: 1687, Time: 00:04:46

Health: -4/128     AC:  5    Str: 31    XL:     11   Next: 29%
Magic:  10/10      EV: 16    Int:  3    God:    Trog [*****.]
Gold:   0          SH:  0    Dex: 15    Spells: 10/10 levels left

rFire   . .          .
                       - Unarmed
rCold   . . .        (no shield)
rNeg    . . .        a - +0 animal skin
rPois   .            (helmet restricted)
rElec   .            o - +0 cloak
rCorr   .            (gloves unavailable)
SInv    .            (boots unavailable)
Will    .....        (no amulet)
Stlth   +            k - +3 ring of dexterity
HPRegen 1.21/turn    m - +3 ring of dexterity
MPRegen 0.12/turn

%: no teleportation
@: lethally poisoned (-4 -> -32)
A: large, unfitting armour, claws 3, regeneration 1, shaggy fur 1, tough skin 1
a: Renounce Religion, Berserk, Trog's Hand, Brothers in Arms


You were in the Dungeon.
You worshipped Trog.
Trog was extremely pleased with you.
You visited 1 branch

Inventory:

Armour
 a - a +0 animal skin (worn)
 o - a +0 cloak (worn)
Jewellery
 k - a +3 ring of dexterity (left claw)
 m - a +3 ring of dexterity (right claw)
Scrolls
 i - 2 scrolls of vulnerability
 j - a scroll of summoning
Potions
 b - 8 potions of curing
 c - 8 potions of heal wounds
 d - 2 potions of haste
 e - 4 potions of magic
 f - 3 potions of berserk rage
 h - 2 potions of invisibility
 l - a potion of mutation
 n - a potion of resistance


   Skills:
 + Level 13.8 Fighting
 + Level 5.2 Armour
 + Level 13.6 Dodging
 + Level 16.0 Unarmed Combat


You had 10 spell levels left.
You didn't know any spells.
Your spell library was empty.

Dungeon Overview and Level Annotations

Branches:
Dungeon (1/1)

Altars:
Ashenzari
Cheibriados
Dithmenos
Elyvilon
Fedhas
Gozag
Hepliaklqana
Kikubaaqudgha
Makhleb
Nemelex Xobeh
Okawaru
Qazlal
Ru
Sif Muna
Trog
Uskayaw
Vehumet
Wu Jian
Xom
Yredelemnul
Zin
The Shining One
Jiyva
Lugonu

Annotations:
D Erica


Innate Abilities, Weirdness & Mutations

You are too large for most types of armour.
You have claws for hands.
Your natural rate of healing is unusually fast.
You are covered in fur. (AC +1)
You have tough skin. (AC +1)


Message History

You feel sick.
You hear a loud, deep croak!
The nagaraja spits poison at you. The splash of poison hits you.
You are more poisoned.
Erica opens the door.
A blink frog comes into view. x2
A blink frog and a necrophage come into view.
Unknown command.
A blink frog comes into view.
You feel very sick. The nagaraja hits you with a +0 spear!
The nagaraja grabs you. The nagaraja constricts you.
Erica gestures at you while chanting. The lance of force hits you!!
You are knocked back by the lance of force.
You slam into the metal wall!
The nagaraja spits poison at you. The splash of poison hits you!!
You are more poisoned.
* * * LOW HITPOINT WARNING * * *
The nagaraja constricts you.
* * * LOW HITPOINT WARNING * * *
The blink frog moves out of view.
There is an open door, spattered with blood here.
Unknown command.
Unknown command.
Blink to where?
Press: ? - help, Q - select action, (/) - cycle Dir - move target You escape the nagaraja's grasp.
As you read the scroll of blinking, it crumbles to dust.
You feel very sick.
Unknown command.
Unknown command.
Your iron troll goes berserk!
You feel very sick. The nagaraja casts a spell at you.
The poison arrow hits you!!
You are lethally poisoned!
You die...

............##..# #..#
..#..#......##..# #..#
............''..# #..#
............''..##########÷.#
..#..#......##...........)..#
............##...)..........#
#####''######################
...##''# ##### ########
...##..###...###@)†...#
...##...##...##..##...###
...###...##'##.T###...N.#
...# ##)...).....##...#F.#
...###.)###'###...##'##...#
...##..##.....##..#F@ F..#
#####..+.......+..+nF ...+
#####..##.....##..#.F ...#
..[###..###'###...##+ ...#


You could see a nagaraja (fast, catching breath, ally target), a blink frog and
a friendly iron troll (summoned, berserk).

Vanquished Creatures
  2 two-headed ogres (D)
  A sun demon (D)
  A shadow wraith (D)
  2 sea snakes (D)
  A swamp dragon (D)
  A phantasmal warrior (D)
  An elephant (D)
  A guardian mummy (D)
  An ice devil (D)
  A red devil (D)
  3 polar bears (D)
  A hellwing (D)
  A wyvern (D)
  A chaos spawn (D)
  A redback (D)
  A basilisk (D)
  A warg (D)
  An acid dragon (D)
  2 ice beasts (D)
  An ogre (D)
  2 centaurs (D)
  6 wolves (D)
  A kobold brigand (D)
  2 scorpions (D)
  2 quasits (D)
  A gnoll bouda (D)
  A hell rat (D)
  7 gnolls (D)
  A river rat (D)
  An adder (D)
  2 ufetubi (D)
  An adder skeleton (D)
  An orc (D)
  2 bat zombies (D)
  2 frilled lizards (D)
  A kobold (D)
  A quokka zombie (D)
59 creatures vanquished.

Vanquished Creatures (collateral kills)
  Joseph (D)
  7 dream sheep (D)
  A shadow (D)
  A sky beast (D)
  A goblin (D)
11 creatures vanquished.

Grand Total: 70 creatures vanquished

Notes
Turn   | Place    | Note
-------+----------+-------------------------------------------
     0 | D        | sircluck the Troll Berserker began the quest for the Orb.
     0 | D        | Reached XP level 1. HP: 22/22 MP: 0/0
    30 | D        | Found a bloodstained altar of Trog.
    30 | D        | Found a shimmering blue altar of Sif Muna.
    30 | D        | Found a viscous altar of Jiyva.
    30 | D        | Found a hazy altar of Hepliaklqana.
    30 | D        | Found an opulent altar of Gozag.
    31 | D        | Found a glowing golden altar of the Shining One.
    31 | D        | Found a glowing silver altar of Zin.
    31 | D        | Found a basalt altar of Yredelemnul.
    31 | D        | Found a shimmering altar of Xom.
    31 | D        | Found an ornate altar of the Wu Jian Council.
    31 | D        | Found a sacrificial altar of Ru.
    31 | D        | Found a stormy altar of Qazlal.
    31 | D        | Found an iron altar of Okawaru.
    31 | D        | Found a sparkling altar of Nemelex Xobeh.
    31 | D        | Found a burning altar of Makhleb.
    31 | D        | Found a blossoming altar of Fedhas.
    31 | D        | Found a white marble altar of Elyvilon.
    31 | D        | Found a shadowy altar of Dithmenos.
    31 | D        | Found a snail-covered altar of Cheibriados.
    33 | D        | Found a radiant altar of Vehumet.
    33 | D        | Found a corrupted altar of Lugonu.
    34 | D        | Found a hide-covered altar of Uskayaw.
    34 | D        | Found an ancient bone altar of Kikubaaqudgha.
    34 | D        | Found a broken altar of Ashenzari.
    78 | D        | Reached skill level 4 in Unarmed Combat
    78 | D        | Reached XP level 2. HP: 27/31 MP: 1/1
    79 | D        | Reached ** piety under Trog
    85 | D        | Noticed a scorpion
    91 | D        | Killed a scorpion
    92 | D        | Reached skill level 5 in Unarmed Combat
    92 | D        | Reached XP level 3. HP: 40/40 MP: 2/2
    92 | D        | Reached XP level 4. HP: 49/49 MP: 3/3
   102 | D        | Noticed a scorpion
   103 | D        | Reached *** piety under Trog
   109 | D        | Killed a scorpion
   110 | D        | Reached skill level 5 in Fighting
   110 | D        | Reached skill level 5 in Dodging
   110 | D        | Reached skill level 6 in Unarmed Combat
   111 | D        | Reached XP level 5. HP: 39/57 MP: 4/4
   176 | D        | Noticed an ice beast
   190 | D        | Reached **** piety under Trog
   196 | D        | Reached skill level 7 in Unarmed Combat
   203 | D        | Reached ***** piety under Trog
   216 | D        | Killed an ice beast
   217 | D        | Reached skill level 8 in Unarmed Combat
   217 | D        | Reached XP level 6. HP: 32/68 MP: 5/5
   235 | D        | Lost dexterity.
   391 | D        | Noticed a warg
   396 | D        | Killed a warg
   397 | D        | Reached skill level 9 in Unarmed Combat
   408 | D        | Noticed a red devil
   414 | D        | Killed a red devil
   415 | D        | Reached XP level 7. HP: 40/81 MP: 6/6
   460 | D        | Reached skill level 10 in Unarmed Combat
   466 | D        | Identified the +3 giant spiked club "Wegywkun" {flame,
                  | +Blink rElec} (Trog gifted it to you in the Dungeon)
   466 | D        | Received a gift from Trog
   494 | D        | Noticed Joseph
   494 | D        | Noticed a shadow
   498 | D        | Killed a shadow
   499 | D        | Reached XP level 8. HP: 92/92 MP: 7/7
   508 | D        | Killed Joseph
   509 | D        | Reached skill level 11 in Unarmed Combat
   610 | D        | Noticed a polar bear
   612 | D        | Noticed a hellwing
   618 | D        | Killed a hellwing
   618 | D        | Received a gift from Trog
   619 | D        | Reached skill level 10 in Fighting
   629 | D        | Killed a polar bear
   630 | D        | Reached skill level 10 in Dodging
   630 | D        | Reached skill level 12 in Unarmed Combat
   631 | D        | Reached XP level 9. HP: 25/102 MP: 8/8
   797 | D        | Noticed a two-headed ogre
   809 | D        | Killed a two-headed ogre
   922 | D        | Noticed a sea snake
   923 | D        | Noticed a polar bear
   932 | D        | Killed a sea snake
   933 | D        | Reached skill level 13 in Unarmed Combat
   938 | D        | Killed a polar bear
   969 | D        | Noticed an elephant
   969 | D        | Noticed a polar bear
   974 | D        | Killed an elephant
   978 | D        | Killed a polar bear
   978 | D        | Received a gift from Trog
   979 | D        | Reached XP level 10. HP: 115/115 MP: 9/9
  1164 | D        | Reached skill level 14 in Unarmed Combat
  1243 | D        | Reached ****** piety under Trog
  1263 | D        | Noticed a two-headed ogre
  1263 | D        | Noticed a sea snake
  1268 | D        | Killed a sea snake
  1272 | D        | Received a gift from Trog
  1320 | D        | Killed a two-headed ogre
  1372 | D        | Noticed a sun demon
  1378 | D        | Killed a sun demon
  1379 | D        | Reached skill level 1 in Armour
  1379 | D        | Reached skill level 15 in Unarmed Combat
  1380 | D        | Killed a shadow wraith
  1409 | D        | Received a gift from Trog
  1437 | D        | Reached XP level 11. HP: 107/127 MP: 10/10
  1438 | D        | Received a gift from Trog
  1450 | D        | Noticed a swamp dragon
  1453 | D        | Killed a swamp dragon
  1616 | D        | Noticed a phantasmal warrior
  1618 | D        | Killed a phantasmal warrior
  1618 | D        | Received a gift from Trog
  1619 | D        | Reached skill level 5 in Armour
  1619 | D        | Reached skill level 16 in Unarmed Combat
  1676 | D        | Noticed a nagaraja
  1685 | D        | Noticed Erica
  1687 | D        | Killed from afar by a nagaraja

Illustrated notes

Levels and vault maps discovered:
D:        pitsprint [storerooms_1, entrance_room_1, metal_vault_5, armoury_1,
          mini_pit_1, grid_room_1, main_hall_1, silver_pit, the_coven_1,
          the_vestibule_1, steel_vault_2, golden_pit, hallway_of_sentries,
          crystal_vault_4, iron_vault_2, final_vault]

Skill      XL: |  1  2  3  4  5  6  7  8  9 10 11 |
---------------+----------------------------------+-----
Fighting       | 3 4 5 6 8 9 10 11 13 | 13.8
Dodging        | 3 4 5 6 8 9 10 11 13 | 13.6
Unarmed Combat | 4 5 6 8 9 10 12 13 15 16 | 16.0
Armour         | 3 5 |  5.2

Action                     |  1- 3 |  4- 6 |  7- 9 | 10-12 || total
---------------------------+-------+-------+-------+-------++-------
  Melee: Unarmed           |    15 |    71 |    64 |    74 ||   224
         Punch             |       |     1 |     3 |    10 ||    14
 Invoke: Brothers in Arms  |       |       |     1 |     2 ||     3
         Berserk           |       |       |     1 |       ||     1
    Use: Scroll            |       |       |       |     1 ||     1
   Stab: Distracted        |       |       |       |     1 ||     1
 Armour: Animal skin       |    16 |    82 |    53 |    51 ||   202
  Dodge: Dodged            |    13 |    51 |    45 |    48 ||   157

Table legend: (Time is in decaauts)
 A = Elapsed time spent in this place.
 B = Non-inter-level travel time spent in this place.
 C = Inter-level travel time spent in this place.
 D = Time resting spent in this place.
 E = Time spent auto-exploring this place.
 F = Levels seen in this place.
 G = Mean time per level.
                   A        B        C        D        E       F      G
               +--------+--------+--------+--------+--------+-----+--------+
         Total |   1670 |   1657 |     13 |    789 |    192 |   1 | 1670.0 |
       Dungeon |   1670 |   1657 |     13 |    789 |    192 |   1 | 1670.0 |
               +--------+--------+--------+--------+--------+-----+--------+

Top non-repeatable levels by time:
       D: 1670 daAuts
